TOP OF THE 1ST |
New Orleans Zephyrs batting - Pitching for Albuquerque Isotopes : RHP Johnathan Starr
|
Pitching: RHP Johnathan Starr
|
|
Batting: RHB J.J. Barajas
|
0-0: Called Strike 0-1: Ball 1-1: Foul Ball, location: 2F 1-2: Strikes out swinging
|
Batting: LHB Carlos Mosqueda
|
0-0: Called Strike 0-1: SINGLE (Groundball, 56D, EV 93.8 MPH)
|
Batting: RHB Alex Gomez
|
0-0: Ball Carlos Mosqueda is caught stealing 2nd base 2-4 1-0: Ball 2-0: DOUBLE (Groundball, 5L, EV 102.5 MPH)
|
Batting: RHB Alex Ramirez
|
0-0: Called Strike 0-1: Called Strike 0-2: Fly out, F6 (Flyball, 6D, EV 83.8 MPH)
|
Top of the 1st over - 0 runs, 2 hits, 0 errors, 1 left on base; New Orleans 0 - Albuquerque 0 |
BOTTOM OF THE 1ST |
Albuquerque Isotopes batting - Pitching for New Orleans Zephyrs : RHP Jonah Syndergaard
|
Pitching: RHP Jonah Syndergaard
|
|
Batting: LHB Enrique Andrade
|
0-0: Called Strike 0-1: SINGLE (Line Drive, 89S, EV 112.5 MPH)
|
Batting: RHB Jerry Castro
|
0-0: Foul Ball, location: 2F 0-1: Ball 1-1: Ball 2-1: Grounds into double play, 4-6-3 (Groundball, 4, EV 88.1 MPH)
|
Batting: RHB Eddie McCoy
|
0-0: Ball 1-0: Called Strike 1-1: Ball 2-1: Foul Ball, location: 2F 2-2: Foul Ball, location: 2F 2-2: Foul Ball, location: 2F 2-2: Ball 3-2: Foul Ball, location: 2F 3-2: SOLO HOME RUN (Flyball, 7D, EV 98.1 MPH), Distance : 379 ft
|
Batting: RHB Mike Ball
|
0-0: Called Strike 0-1: SINGLE (Groundball, 6MS, EV 70.6 MPH) (infield hit)
|
Batting: LHB Alan Bianchard
|
0-0: Called Strike 0-1: Foul Ball, location: 2F 0-2: Ball Wild Pitch! Mike Ball to second 1-2: Ground out 6-3 (Groundball, 6, EV 82.5 MPH)
|
Bottom of the 1st over - 1 run, 3 hits, 0 errors, 1 left on base; New Orleans 0 - Albuquerque 1 |
TOP OF THE 2ND |
New Orleans Zephyrs batting - Pitching for Albuquerque Isotopes : RHP Johnathan Starr
|
Batting: RHB Ryuki Ogasawara
|
0-0: Ball 1-0: Ball 2-0: Swinging Strike 2-1: Swinging Strike 2-2: Foul Ball, location: 2F 2-2: Strikes out swinging
|
Batting: LHB Luis Aguilar
|
0-0: Called Strike 0-1: Swinging Strike 0-2: SINGLE (Groundball, 4MD, EV 97.5 MPH)
|
Batting: RHB Pat Peterson
|
0-0: Ball Wild Pitch! Luis Aguilar to second 1-0: Foul Ball, location: 2F 1-1: Ball 2-1: Swinging Strike 2-2: Strikes out swinging
|
Batting: RHB Bill de Jesus
|
0-0: Swinging Strike 0-1: Ball 1-1: SINGLE (Flyball, 5D, EV 92.5 MPH) Luis Aguilar to third Runner from 3rd tries for Home, SAFE, throw by LF to home
|
Batting: LHB Adrian Young
|
0-0: Ball 1-0: Swinging Strike 1-1: Called Strike 1-2: Ground out 1-3 (Groundball, 15S, EV 68.8 MPH)
|
Top of the 2nd over - 1 run, 2 hits, 0 errors, 1 left on base; New Orleans 1 - Albuquerque 1 |
BOTTOM OF THE 2ND |
Albuquerque Isotopes batting - Pitching for New Orleans Zephyrs : RHP Jonah Syndergaard
|
Batting: RHB Tim Lively
|
0-0: Ground out 1-3 (Groundball, 15S, EV 63.8 MPH)
|
Batting: RHB Bobby Heagle
|
0-0: Foul Ball, location: 2F 0-1: Ball 1-1: Ball 2-1: Swinging Strike 2-2: Foul Ball, location: 2F 2-2: Ground out 5-3 (Groundball, 56, EV 101.9 MPH)
|
Batting: RHB Nate Carrell
|
0-0: Ball 1-0: Ball 2-0: Ball 3-0: Base on Balls
|
Batting: RHB Joe Hinson
|
0-0: Ball 1-0: Foul Ball, location: 2F 1-1: Called Strike 1-2: Foul Ball, location: 2F 1-2: Ball 2-2: Fielders Choice at 2nd, 6-4 (Groundball, 6, EV 102.5 MPH)
|
Bottom of the 2nd over - 0 runs, 0 hits, 0 errors, 1 left on base; New Orleans 1 - Albuquerque 1 |
TOP OF THE 3RD |
New Orleans Zephyrs batting - Pitching for Albuquerque Isotopes : RHP Johnathan Starr
|
Batting: RHB J.J. Barajas
|
0-0: Swinging Strike 0-1: Ball 1-1: Ball 2-1: Fly out, F7 (Flyball, 7D, EV 90.0 MPH)
|
Batting: LHB Carlos Mosqueda
|
0-0: Swinging Strike 0-1: Ball 1-1: Called Strike 1-2: Ball 2-2: Foul Ball, location: 2F 2-2: Strikes out swinging
|
Batting: RHB Alex Gomez
|
0-0: Ball 1-0: Ball 2-0: SINGLE (Flyball, 5D, EV 87.5 MPH)
|
Batting: RHB Alex Ramirez
|
0-0: Ball 1-0: Ball Wild Pitch! Alex Gomez to second 2-0: Ball 3-0: Foul Ball, location: 2F 3-1: Foul Ball, location: 2F 3-2: Foul Ball, location: 2F 3-2: Fly out, F8 (Flyball, 8RD, EV 102.5 MPH)
|
Top of the 3rd over - 0 runs, 1 hit, 0 errors, 1 left on base; New Orleans 1 - Albuquerque 1 |
BOTTOM OF THE 3RD |
Albuquerque Isotopes batting - Pitching for New Orleans Zephyrs : RHP Jonah Syndergaard
|
Batting: LHB Enrique Andrade
|
0-0: Called Strike 0-1: Ball 1-1: Foul Ball, location: 2F 1-2: Ball 2-2: Foul Ball, location: 2F 2-2: Foul Ball, location: 2F 2-2: Ball 3-2: Foul Ball, location: 2F 3-2: Fly out, F8 (Flyball, 89D, EV 90.0 MPH)
|
Batting: RHB Jerry Castro
|
0-0: Ball 1-0: SINGLE (Line Drive, 78S, EV 86.2 MPH)
|
Batting: RHB Eddie McCoy
|
0-0: Called Strike 0-1: Swinging Strike 0-2: Ball 1-2: Fly out, F9 (Flyball, 89D, EV 89.4 MPH)
|
Batting: RHB Mike Ball
|
0-0: Called Strike 0-1: Ball Passed Ball! Jerry Castro to second 1-1: Foul Ball, location: 2F 1-2: Foul Ball, location: 2F 1-2: Foul Ball, location: 2F 1-2: Foul Ball, location: 2F 1-2: Foul Ball, location: 2F 1-2: Ball Wild Pitch! Jerry Castro to third 2-2: Foul Ball, location: 2F 2-2: Ball 3-2: SINGLE (Line Drive, 8RS, EV 92.5 MPH) Jerry Castro scores
|
Batting: LHB Alan Bianchard
|
0-0: Ball 1-0: Called Strike 1-1: Called Strike Mike Ball steals 2nd base 1-2: SINGLE (Flyball, 5D, EV 95.0 MPH) Mike Ball to third Runner from 3rd tries for Home, SAFE, throw by LF to home
|
Batting: RHB Tim Lively
|
0-0: Called Strike 0-1: Ball 1-1: Swinging Strike 1-2: Strikes out swinging
|
Bottom of the 3rd over - 2 runs, 3 hits, 0 errors, 1 left on base; New Orleans 1 - Albuquerque 3 |
TOP OF THE 4TH |
New Orleans Zephyrs batting - Pitching for Albuquerque Isotopes : RHP Johnathan Starr
|
Batting: RHB Ryuki Ogasawara
|
0-0: Reached on error, E6 (Groundball, 6, EV 106.9 MPH)
|
Batting: LHB Luis Aguilar
|
0-0: Ground out 1-3 (Groundball, P, EV 66.2 MPH) Ryuki Ogasawara to third
|
Batting: RHB Pat Peterson
|
0-0: Swinging Strike 0-1: Ball 1-1: Ball 2-1: Foul Ball, location: 2F 2-2: Foul Ball, location: 2F 2-2: Fly out, F2 (Popup, 23F, EV 76.9 MPH)
|
Batting: RHB Bill de Jesus
|
0-0: Ball 1-0: Called Strike 1-1: Ball 2-1: 2-RUN HOME RUN (Flyball, 78XD, EV 110.0 MPH), Distance : 422 ft
|
Batting: LHB Adrian Young
|
0-0: Fly out, F8 (Flyball, 8LD, EV 101.9 MPH)
|
Top of the 4th over - 2 runs, 1 hit, 1 error, 0 left on base; New Orleans 3 - Albuquerque 3 |
BOTTOM OF THE 4TH |
Albuquerque Isotopes batting - Pitching for New Orleans Zephyrs : RHP Jonah Syndergaard
|
Batting: RHB Bobby Heagle
|
0-0: Ball 1-0: Ground out 6-3 (Groundball, 6, EV 107.5 MPH)
|
Batting: RHB Nate Carrell
|
0-0: Ball 1-0: Foul Ball, location: 2F 1-1: Foul Ball, location: 2F 1-2: Ball 2-2: Strikes out swinging
|
Batting: RHB Joe Hinson
|
0-0: SINGLE (Groundball, 6, EV 97.5 MPH)
|
Batting: LHB Enrique Andrade
|
0-0: Ball 1-0: Foul Ball, location: 2F 1-1: Foul Ball, location: 2F 1-2: Foul Ball, location: 2F 1-2: Ground out 4-3 (Groundball, 34, EV 81.9 MPH)
|
Bottom of the 4th over - 0 runs, 1 hit, 0 errors, 1 left on base; New Orleans 3 - Albuquerque 3 |
TOP OF THE 5TH |
New Orleans Zephyrs batting - Pitching for Albuquerque Isotopes : RHP Johnathan Starr
|
Batting: RHB J.J. Barajas
|
0-0: Ball 1-0: Fly out, F8 (Flyball, 8RM, EV 91.9 MPH)
|
Batting: LHB Carlos Mosqueda
|
0-0: Ground out 4-3 (Groundball, 4, EV 100.6 MPH)
|
Batting: RHB Alex Gomez
|
0-0: Ball 1-0: Ball 2-0: Called Strike 2-1: DOUBLE (Groundball, 5L, EV 101.9 MPH)
|
Batting: RHB Alex Ramirez
|
0-0: Ball 1-0: Called Strike 1-1: Swinging Strike 1-2: Ball 2-2: Ball 3-2: Fly out, F9 (Flyball, 9LS, EV 87.5 MPH)
|
Top of the 5th over - 0 runs, 1 hit, 0 errors, 1 left on base; New Orleans 3 - Albuquerque 3 |
BOTTOM OF THE 5TH |
Albuquerque Isotopes batting - Pitching for New Orleans Zephyrs : RHP Jonah Syndergaard
|
Batting: RHB Jerry Castro
|
0-0: SINGLE (Groundball, 6M, EV 106.2 MPH)
|
Batting: RHB Eddie McCoy
|
0-0: Ball 1-0: Called Strike Jerry Castro is caught stealing 2nd base 2-4 1-1: Foul Ball, location: 2F 1-2: Ball 2-2: Ball 3-2: Foul Ball, location: 2F 3-2: Fly out, F6 (Popup, 56, EV 80.0 MPH)
|
Batting: RHB Mike Ball
|
0-0: Called Strike 0-1: Ball 1-1: Foul Ball, location: 2F 1-2: Strikes out swinging
|
Bottom of the 5th over - 0 runs, 1 hit, 0 errors, 0 left on base; New Orleans 3 - Albuquerque 3 |
TOP OF THE 6TH |
New Orleans Zephyrs batting - Pitching for Albuquerque Isotopes : RHP Johnathan Starr
|
Batting: RHB Ryuki Ogasawara
|
0-0: Swinging Strike 0-1: Ball 1-1: SOLO HOME RUN (Flyball, 7D, EV 101.9 MPH), Distance : 379 ft
|
Batting: LHB Luis Aguilar
|
0-0: Called Strike 0-1: Ball 1-1: Called Strike 1-2: Strikes out swinging
|
Batting: RHB Pat Peterson
|
0-0: Ball 1-0: Foul Ball, location: 2F 1-1: Foul Ball, location: 2F 1-2: Strikes out swinging
|
Batting: RHB Bill de Jesus
|
0-0: Called Strike 0-1: Ball 1-1: Foul Ball, location: 2F 1-2: Foul Ball, location: 2F 1-2: Foul Ball, location: 2F 1-2: Ball 2-2: Ground out 6-3 (Groundball, 6, EV 93.1 MPH)
|
Top of the 6th over - 1 run, 1 hit, 0 errors, 0 left on base; New Orleans 4 - Albuquerque 3 |
BOTTOM OF THE 6TH |
Albuquerque Isotopes batting - Pitching for New Orleans Zephyrs : RHP Jonah Syndergaard
|
Batting: LHB Alan Bianchard
|
0-0: Ball 1-0: Foul Ball, location: 2F 1-1: Ball 2-1: Foul Ball, location: 2F 2-2: Ball 3-2: DOUBLE (Flyball, 78XD, EV 102.5 MPH)
|
Pitching: RHP Mike Myers
|
|
Batting: RHB Tim Lively
|
0-0: Ball 1-0: Called Strike 1-1: Swinging Strike 1-2: Foul Ball, location: 2F 1-2: Ground out U3 (Groundball, 3, EV 101.9 MPH) Alan Bianchard to third
|
Batting: RHB Bobby Heagle
|
0-0: Ball 1-0: Ball 2-0: Ground out 5-3 (Groundball, 56S, EV 91.9 MPH)
|
Batting: RHB Nate Carrell
|
0-0: Swinging Strike 0-1: Called Strike 0-2: Strikes out swinging
|
Bottom of the 6th over - 0 runs, 1 hit, 0 errors, 1 left on base; New Orleans 4 - Albuquerque 3 |
TOP OF THE 7TH |
New Orleans Zephyrs batting - Pitching for Albuquerque Isotopes : RHP Johnathan Starr
|
Batting: LHB Adrian Young
|
0-0: Called Strike 0-1: Ball 1-1: Foul Ball, location: 2F 1-2: Foul Ball, location: 2F 1-2: Strikes out swinging
|
Pitching: RHP Justin Gasper
|
|
Batting: RHB J.J. Barajas
|
0-0: Ball 1-0: Foul Ball, location: 2F 1-1: Ball 2-1: Called Strike 2-2: Strikes out looking
|
Batting: LHB Carlos Mosqueda
|
0-0: SINGLE (Groundball, 56S, EV 72.5 MPH) (infield hit)
|
Batting: RHB Alex Gomez
|
0-0: Ball 1-0: Swinging Strike 1-1: Swinging Strike 1-2: Foul Ball, location: 2F 1-2: Fielders Choice at 2nd, 6-4 (Groundball, 6, EV 96.2 MPH)
|
Top of the 7th over - 0 runs, 1 hit, 0 errors, 1 left on base; New Orleans 4 - Albuquerque 3 |
BOTTOM OF THE 7TH |
Albuquerque Isotopes batting - Pitching for New Orleans Zephyrs : RHP Mike Myers
|
Batting: RHB Joe Hinson
|
0-0: Ball 1-0: DOUBLE (Flyball, 89XD, EV 111.9 MPH)
|
Batting: LHB Enrique Andrade
|
0-0: Ball 1-0: Called Strike 1-1: Ball 2-1: Ground out 4-3 (Groundball, 4, EV 108.8 MPH) Joe Hinson to third
|
Batting: RHB Jerry Castro
|
0-0: Called Strike 0-1: Ground out U3 (Groundball, 34, EV 88.8 MPH)
|
Pinch Hitting: LHB Tetsuya Oba
|
0-0: Called Strike 0-1: Ball 1-1: Foul Ball, location: 2F 1-2: SINGLE (Groundball, 15S, EV 66.9 MPH) (infield hit) Joe Hinson scores
|
Batting: RHB Mike Ball
|
0-0: Ball 1-0: SINGLE (Groundball, 23, EV 70.6 MPH) (infield hit) Tetsuya Oba to second
|
Batting: LHB Alan Bianchard
|
0-0: Ball 1-0: Ball 2-0: Swinging Strike 2-1: Called Strike 2-2: Foul Ball, location: 2F 2-2: Ball 3-2: DOUBLE (Line Drive, 9LD, EV 101.2 MPH) Tetsuya Oba scores Mike Ball to third Mike Ball scores
|
Pitching: RHP Mike Powell
|
|
Batting: RHB Tim Lively
|
0-0: Ball 1-0: Foul Ball, location: 2F 1-1: DOUBLE (Flyball, 89D, EV 111.9 MPH) Alan Bianchard scores
|
Batting: RHB Bobby Heagle
|
0-0: Called Strike 0-1: Foul Ball, location: 2F 0-2: DOUBLE (Flyball, 8RD, EV 107.5 MPH) Tim Lively scores
|
Batting: RHB Nate Carrell
|
0-0: Foul Ball, location: 2F 0-1: Called Strike 0-2: Ball 1-2: Foul Ball, location: 2F 1-2: Ground out 3-1 (Groundball, 34, EV 86.2 MPH)
|
Bottom of the 7th over - 5 runs, 6 hits, 0 errors, 1 left on base; New Orleans 4 - Albuquerque 8 |
TOP OF THE 8TH |
New Orleans Zephyrs batting - Pitching for Albuquerque Isotopes : RHP Justin Gasper
|
Now at 1B: Tetsuya Oba
|
|
Batting: RHB Alex Ramirez
|
0-0: Called Strike 0-1: Ball 1-1: Swinging Strike 1-2: Ball 2-2: Strikes out looking
|
Batting: RHB Ryuki Ogasawara
|
0-0: Ball 1-0: Ground out 6-3 (Groundball, 6, EV 80.6 MPH)
|
Batting: LHB Luis Aguilar
|
0-0: Ball 1-0: Ball 2-0: Ball 3-0: Called Strike 3-1: Reached on error, E4 (Groundball, 34, EV 101.2 MPH)
|
Batting: RHB Pat Peterson
|
0-0: Foul Ball, location: 2F 0-1: Ball 1-1: Ball 2-1: Ball 3-1: SINGLE (Groundball, 6D, EV 108.1 MPH) Luis Aguilar to third Runner from 3rd tries for Home, SAFE, throw by LF to home
|
Batting: RHB Bill de Jesus
|
0-0: Ball 1-0: Ball 2-0: Fly out, F8 (Flyball, 8LD, EV 98.8 MPH)
|
Top of the 8th over - 1 run, 1 hit, 1 error, 1 left on base; New Orleans 5 - Albuquerque 8 |
BOTTOM OF THE 8TH |
Albuquerque Isotopes batting - Pitching for New Orleans Zephyrs : RHP Mike Powell
|
Batting: RHB Joe Hinson
|
0-0: Ball 1-0: Ball 2-0: Foul Ball, location: 2F 2-1: Foul Ball, location: 2F 2-2: Strikes out swinging
|
Batting: LHB Enrique Andrade
|
0-0: Ball 1-0: Foul Ball, location: 2F 1-1: Called Strike 1-2: Ball 2-2: Ball 3-2: Strikes out swinging
|
Batting: RHB Jerry Castro
|
0-0: Ground out 5-3 (Groundball, 56, EV 103.8 MPH)
|
Bottom of the 8th over - 0 runs, 0 hits, 0 errors, 0 left on base; New Orleans 5 - Albuquerque 8 |
TOP OF THE 9TH |
New Orleans Zephyrs batting - Pitching for Albuquerque Isotopes : RHP Justin Gasper
|
Pitching: LHP Nate Tate
|
|
Batting: LHB Adrian Young
|
0-0: SINGLE (Groundball, 34D, EV 100.6 MPH)
|
Batting: RHB J.J. Barajas
|
0-0: Swinging Strike 0-1: Swinging Strike 0-2: Ball 1-2: Ball 2-2: Grounds into double play, 6-4-3 (Groundball, 6, EV 88.1 MPH)
|
Batting: RHB Omar Contreras
|
0-0: Called Strike 0-1: Swinging Strike 0-2: Ground out 6-3 (Groundball, 6, EV 88.8 MPH)
|
Top of the 9th over - 0 runs, 1 hit, 0 errors, 0 left on base; New Orleans 5 - Albuquerque 8 |
|